 Dungeon Crawl Stone Soup version 0.29-a0-721-g7f417c9bbb (webtiles) character file.

Game seed: 17392554259163365860

91 gobodom the Grave Robber (level 4, -18/30 HPs)
             Began as a Demonspawn Necromancer on June 28, 2022.
             Demolished by an ogre
             ... wielding a +0 giant club
              (25 damage)
             ... on level 3 of the Dungeon.
             The game lasted 00:06:32 (2747 turns).

gobodom the Grave Robber (Demonspawn Necromancer)   Turns: 2747, Time: 00:06:33

Health: -18/30     AC:  2    Str: 11    XL:     4   Next: 33%
Magic:  5/7        EV: 12    Int: 16    God:
Gold:   91         SH:  4    Dex: 13    Spells: 7/8 levels left

rFire   . . .      SeeInvis .   d - +0 dagger
rCold   . . .      Faith    .   (no shield)
rNeg    . . .      Spirit   .   a - +0 robe
rPois   .          Reflect  .   (no helmet)
rElec   .          Harm     .   (no cloak)
rCorr   .          Rampage  .   (no gloves)
Will    .....                   (no boots)
Stlth   ++........              (no amulet)
HPRegen 0.10/turn               (no ring)
MPRegen 0.10/turn               (no ring)

@: lethally poisoned (-18 -> -20)
A: demonic guardian 1, condensation shield
a: no special abilities


You were on level 3 of the Dungeon.
You visited 1 branch of the dungeon, and saw 3 of its levels.

You collected 91 gold pieces.

Inventory:

Hand Weapons
 d - a +0 dagger (weapon)
Armour
 a - a +0 robe (worn)
Wands
 n - a wand of iceblast (11)
Scrolls
 e - 4 scrolls of teleportation {unknown}
 g - 3 scrolls of fog {unknown}
 j - 2 scrolls of identify {unknown}
Potions
 b - a potion of magic
 c - 3 potions of might {unknown}
 f - 2 potions of curing {unknown}
 h - a potion of brilliance {unknown}
 i - 2 potions of resistance {unknown}
 k - 2 potions of haste {unknown}
 l - a potion of mutation {unknown}
 m - a potion of attraction {unknown}


   Skills:
 + Level 0.2 Fighting
 + Level 0.4 Short Blades
 + Level 2.3 Dodging
 + Level 2.0 Stealth
 + Level 0.1 Shields
 + Level 2.5 Spellcasting
 + Level 5.5 Necromancy


You had 7 spell levels left.
You knew the following spells:

 Your Spells              Type           Power      Damage    Failure   Level
a - Necrotize             Necr           76%        1d7       1%          1

Your spell library contained the following spells:

 Spells                   Type           Power      Damage    Failure   Level
 Vampiric Draining        Necr           19%        2d7       6%          3
 Beastly Appendage        Tmut           4%         N/A       21%         1
 Animate Dead             Necr           19%        N/A       21%         4
 Wereblood                Tmut           2%         N/A       30%         2
 Agony                    Necr           19%        N/A       50%         5
 Call Canine Familiar     Summ           2%         N/A       52%         3
 Portal Projectile        Hex/Tloc       4%         N/A       52%         3
 Spider Form              Tmut/Pois      2%         N/A       52%         3
 Leda's Liquefaction      Hex/Erth       1%         N/A       89%         4


Dungeon Overview and Level Annotations

Branches:
Dungeon (3/15)

Altars:


Innate Abilities, Weirdness & Mutations

A weak demonic guardian rushes to your aid.
A meltable shield of frost defends you. (SH +4)


Message History

The hobgoblin attacks as you move away! The hobgoblin hits you.
The hobgoblin attacks as you move away! The hobgoblin hits you.
The hobgoblin attacks as you move away! You block the hobgoblin's attack.
The hobgoblin writhes in agony!
You kill the hobgoblin!
The dead are walking!
The adder bites you. The adder attacks as you move away! The adder misses you.
The ogre attacks as you move away! The ogre barely misses you.
Your hobgoblin skeleton closely misses the ogre.
The adder bites you.
You are too injured to fight recklessly!
An orc comes into view. It is wielding a +0 club.
The orc shouts!
You hear a shout!
An orc comes into view.
It is wielding a +0 dagger and wearing a +1 leather armour of poison resistance.
The adder attacks as you move away! The adder bites you.
The orc shouts!
You hear a shout!
The adder bites you.
A demonic guardian appears!
An orc comes into view. It is wielding a +1 hand axe of venom.
A hobgoblin and an orc come into view.
The hobgoblin shouts!
The ogre attacks as you move away! The ogre closely misses you.
Your quasit closely misses the adder.
Your quasit claws the adder but does no damage. x2
You block the adder's attack. The adder attacks as you move away!
The adder bites you.
You are poisoned.
The adder poisons you!
You feel sick. The adder closely misses your quasit.
Your quasit bites the adder.
Your quasit claws the adder.
Your quasit barely misses the adder.
Your hobgoblin skeleton hits the ogre.
You feel sick.
Your quasit bites the adder.
Your quasit barely misses the adder.
Your quasit claws the adder.
The adder bites your quasit.
The adder bites your quasit but does no damage.
Your quasit bites the adder.
Your quasit barely misses the adder.
Your quasit claws the adder.
You feel sick.
Your quasit bites the adder.
Your quasit misses the adder.
Your quasit claws the adder.
The adder barely misses your quasit.
The ogre hits you with a +0 giant club!!
Ouch! That really hurt!
You die...

........................+
..............#.##......!
.$.........####+##.......
........................
........................
######...................
+........................
#.................####...
#.......@.#...<...+ ....
#.....ZO..#.......#
#......5..####+#...+
#.....S.o#.........#
#........#...... ..#
######.g.#...... ....
#..o# ..... ..##
...oo...... ...
#...........


You could see an ogre (ally target), an adder (ally target), 4 orcs, a
hobgoblin, a friendly quasit (summoned) and a friendly hobgoblin skeleton.

Vanquished Creatures
  2 adders (D:2)
  A worm (D:2)
  3 endoplasms (D:1)
  3 giant cockroaches
  2 goblins (D:1)
  4 hobgoblins
  7 jackals
  5 kobolds
  A quokka (D:1)
  8 ball pythons
  7 bats
  3 frilled lizards
  2 rats
48 creatures vanquished.

Vanquished Creatures (collateral kills)
  A worm (D:2)
  A dart slug (D:2)
  A goblin (D:1)
  5 jackals
  2 kobolds
10 creatures vanquished.

Grand Total: 58 creatures vanquished

Notes
Turn   | Place    | Note
-------+----------+-------------------------------------------
     0 | D:1      | gobodom the Demonspawn Necromancer began the quest for the
                  | Orb.
     0 | D:1      | Reached XP level 1. HP: 13/13 MP: 3/3
   116 | D:1      | Found a faded altar of an unknown god.
   131 | D:1      | Gained mutation: A weak demonic guardian rushes to your
                  | aid. [demonic ancestry]
   131 | D:1      | Reached XP level 2. HP: 14/19 MP: 3/5
   278 | D:1      | Reached skill level 5 in Necromancy
   908 | D:1      | Gained mutation: A meltable shield of frost defends you.
                  | (SH +4) [demonic ancestry]
   908 | D:1      | Reached XP level 3. HP: 22/24 MP: 6/6
  1929 | D:2      | Reached XP level 4. HP: 30/30 MP: 2/7
  2704 | D:3      | Noticed an ogre
  2747 | D:3      | Demolished by an ogre

Illustrated notes

Levels and vault maps discovered:
D:1:      scummos_arrival_forest, layout_basic,
          hellmonk_ecumenical_altar_heavens_door
D:2:      layout_loops_ring, serial_aquarium, aquarium_bridge_square
          [aquarium_subvault_bridge, aquarium_subvault_wall,
          aquarium_subvault_window, aquarium_subvault_bridge],
          aquarium_window_double, aquarium_window_corner, aquarium_view_2d,
          aquarium_view_2a, aquarium_pool_double, lemuel_old_faithful
D:3:      layout_basic, minmay_misc_feat_five

Skill      XL: |  1  2  3  4 |
---------------+-------------+-----
Necromancy     | 5 |  5.5
Dodging        | 2 |  2.3
Stealth        | 2 |  2.0
Fighting       | |  0.2
Short Blades   | |  0.4
Shields        | |  0.1
Spellcasting   | |  2.5

Action                   |  1- 3 |  4- 6 || total
-------------------------+-------+-------++-------
Melee: Unarmed           |    10 |       ||    10
       Dagger            |    75 |    34 ||   109
       Punch             |     2 |       ||     2
 Cast: Necrotize         |    56 |    13 ||    69
 Stab: Sleeping          |       |     1 ||     1
Armor: Robe              |    28 |    10 ||    38
Dodge: Dodged            |    84 |    28 ||   112
Block: Other             |    10 |     5 ||    15

Table legend: (Time is in decaauts)
 A = Elapsed time spent in this place.
 B = Non-inter-level travel time spent in this place.
 C = Inter-level travel time spent in this place.
 D = Time resting spent in this place.
 E = Time spent auto-exploring this place.
 F = Levels seen in this place.
 G = Mean time per level.
                   A        B        C        D        E       F      G
               +--------+--------+--------+--------+--------+-----+--------+
         Total |   2746 |   2699 |     47 |    397 |   1722 |   3 |  915.3 |
       Dungeon |   2746 |   2699 |     47 |    397 |   1722 |   3 |  915.3 |
               +--------+--------+--------+--------+--------+-----+--------+

Top non-repeatable levels by time:
     D:1: 1430 daAuts
     D:2: 1233 daAuts
     D:3: 82 daAuts
